 Dungeon Crawl Stone Soup version 0.30.0-20-g3615ddf2f0 (webtiles) character file.

Game seed: 821421626117490505

550 qw the Chopper (level 7, -4/43 HPs)
             Began as a Gargoyle Fighter on May 29, 2023.
             Slain by a gnoll
             ... wielding a +0 halberd
              (12 damage)
             ... on level 5 of the Dungeon.
             The game lasted 00:01:51 (3131 turns).

qw the Chopper (Gargoyle Fighter)                   Turns: 3131, Time: 00:01:52

Health: -4/43      AC: 17    Str: 21    XL:     7   Next: 29%
Magic:  7/7        EV:  6    Int:  9    God:
Gold:   217        SH:  8    Dex:  9    Spells: 6/6 levels left

rFire   . . .        Y - +0 war axe
rCold   . . .        c - +0 buckler
rNeg    + . .        b - +0 plate armour
rPois   inf          (no helmet)
rElec   +            (no cloak)
rCorr   .            (no gloves)
SInv    .            m - +0 pair of boots
Will    .....        f - amulet of faith Stlth
                     (no ring)
HPRegen 0.27/turn    (no ring)
MPRegen 0.10/turn

%: clarity, faith
@: about to teleport
A: sickness immunity, AC +4, negative energy resistance 1, electricity
resistance, torment resistance 1, petrification resistance, large bone plates 1,
clarity, subdued magic 1
a: no special abilities


You were on level 5 of the Dungeon.
You visited 1 branch of the dungeon, and saw 5 of its levels.

You collected 217 gold pieces.


Innate Abilities, Weirdness & Mutations

You are immune to sickness and miasma.
Your stone body is resilient. (AC +4)
You are immune to poison.
You resist negative energy. (rN+)
You are resistant to electric shocks. (rElec)
You are resistant to unholy torment.
You are immune to petrification.
You are partially covered in large bone plates. (SH +4)
You possess an exceptional clarity of mind.
Your spells are a little easier to cast, but a little less powerful.


   Skills:
 - Level 4.0 Fighting
 - Level 6.4 Axes
 + Level 0.9 Throwing
 - Level 4.0 Armour
 - Level 3.2 Shields


You had 6 spell levels left.
You didn't know any spells.
Your spell library was empty.

Inventory:

Hand Weapons
 q - a +0 flail
 Y - a +0 war axe (weapon)
Missiles
 r - 2 boomerangs of dispersal (quivered)
Armour
 b - a +0 plate armour (worn)
 c - a +0 buckler (worn)
 i - a +0 cloak
 m - a +0 pair of boots (worn)
 p - an orb of energy
Jewellery
 f - an amulet of faith (around neck)
 o - an amulet of reflection
Scrolls
 g - 2 scrolls of identify
Potions
 a - 3 potions of heal wounds
 d - a potion of might
 e - 3 potions of curing
 h - a potion of brilliance {unknown}
 j - a potion of resistance
 n - a potion of invisibility {unknown}

Dungeon Overview and Level Annotations

Branches:
Dungeon (5/15)
 Temple: D:4-7

Altars:
Ashenzari
Dithmenos
Ru
Uskayaw


Message History

The gnoll is almost dead.
The gnoll closely misses you. You block the gnoll's attack.
You slash the gnoll!
You kill the gnoll!
You block the gnoll's attack.
The gnoll hits you from afar with a +0 halberd.
The gnoll hits you but does no damage.
You barely miss the gnoll.
The gnoll hits you from afar with a +0 halberd.
The gnoll hits you but does no damage.
You slash the gnoll!
You kill the gnoll!
The gnoll hits you but does no damage.
You barely miss the gnoll. The gnoll hits you with a +0 whip.
The gnoll barely misses you.
You hit the gnoll.
The gnoll is heavily wounded.
The gnoll hits you but does no damage. You block the gnoll's attack. x2
The gnoll barely misses you.
You hit the gnoll.
The gnoll is heavily wounded.
The gnoll hits you but does no damage. The gnoll hits you with a +0 whip.
You hit the gnoll.
The gnoll is severely wounded.
The gnoll barely misses you. The gnoll hits you but does no damage.
You closely miss the gnoll.
The gnoll is severely wounded.
The gnoll barely misses you. You block the gnoll's attack.
You hit the gnoll.
You kill the gnoll!
You block the gnoll's attack. The gnoll hits you but does no damage.
Items here: %% ))).
You hit the gnoll but do no damage. The gnoll hits you with a +0 halberd!
3131 ||| READING scroll of teleportation.
As you read the scroll of teleportation, it crumbles to dust.
You feel strangely unstable. The gnoll hits you with a +0 halberd!
You die...

########..#
#..........
#[.........
#..........
########... #... ####
#####################
#..g@.<..............
#...#################
#... #... #... #...
#... #...


You could see a gnoll.

Vanquished Creatures
  A black bear (D:3)
  An ogre (D:5)
  A howler monkey (D:5)
  A hound (D:5)
  A sleepcap (D:5)
  2 orc wizards (D:5)
  11 adders
  3 gnolls (D:5)
  A shadow imp (D:5)
  2 worms
  3 dart slugs
  4 orcs (D:5)
  7 endoplasms
  3 giant cockroaches
  9 goblins
  4 hobgoblins
  3 jackals (D:3)
  9 quokkas
  7 ball pythons
  4 bats
  2 frilled lizards
  7 kobolds
  8 rats
94 creatures vanquished.

Notes
Turn   | Place    | Note
-------+----------+-------------------------------------------
     0 | D:1      | qw the Gargoyle Fighter began the quest for the Orb.
     0 | D:1      | Reached XP level 1. HP: 14/14 MP: 1/1
     0 | D:1      | 0 ||| qw: Version: 0.2-a-102-g2b76a06
     0 | D:1      | 0 ||| qw: Game counter: 411
     0 | D:1      | 0 ||| qw: Always use a shield: true
     0 | D:1      | 0 ||| qw: God list: Okawaru
     0 | D:1      | 0 ||| qw: Allow faded altars: false
     0 | D:1      | 0 ||| qw: Do Orc after D:15 true
     0 | D:1      | 0 ||| qw: Do second Lair branch before Depths: true
     0 | D:1      | 0 ||| qw: Lair rune preference: random
     0 | D:1      | 0 ||| qw: Plans: Normal, Zot:1-4, Slime:5, God:TSO, Crypt,
                  | Tomb, Pan, Hells, Abyss, Win
     0 | D:1      | 0 ||| PLANNING D:1-11
     7 | D:1      | 7 ||| Stepping ~*~*~tactically~*~*~ (hiding).
     9 | D:1      | 9 ||| Stepping ~*~*~tactically~*~*~ (hiding).
    15 | D:1      | Reached skill level 2 in Axes
   142 | D:1      | 142 ||| Stepping ~*~*~tactically~*~*~ (stealth).
   143 | D:1      | 143 ||| Stepping ~*~*~tactically~*~*~ (stealth).
   144 | D:1      | 144 ||| Stepping ~*~*~tactically~*~*~ (stealth).
   175 | D:1      | 175 ||| Stepping ~*~*~tactically~*~*~ (stealth).
   176 | D:1      | 176 ||| Stepping ~*~*~tactically~*~*~ (stealth).
   179 | D:1      | 179 ||| Stepping ~*~*~tactically~*~*~ (stealth).
   186 | D:1      | Reached XP level 2. HP: 19/19 MP: 2/2
   554 | D:1      | Reached skill level 3 in Axes
   619 | D:1      | 619 ||| Stepping ~*~*~tactically~*~*~ (stealth).
   637 | D:1      | Reached XP level 3. HP: 23/23 MP: 3/3
   645 | D:1      | 645 ||| DROPPING +0 club.
   759 | D:1      | 759 ||| UPGRADING to +0 chain mail.
   769 | D:1      | 769 ||| DROPPING +0 scale mail.
   770 | D:1      | 770 ||| UPGRADING to +0 pair of boots.
   775 | D:1      | 775 ||| UPGRADING to amulet of faith.
   780 | D:1      | 780 ||| READING scroll labelled ZUTESA MIRRE.
   781 | D:1      | 781 ||| READING scroll labelled CULYRO XIOL.
   782 | D:1      | 782 ||| READING scroll labelled FOMIXA IZOA.
   783 | D:1      | 783 ||| DRINKING 2 white potions.
   783 | D:1      | Gained mutation: You do not regenerate when monsters are
                  | visible. [potion of mutation]
   783 | D:1      | Gained mutation: Your spells are a little easier to cast,
                  | but a little less powerful. [potion of mutation]
   784 | D:1      | 784 ||| DRINKING potion of mutation.
   784 | D:1      | Lost mutation: You do not regenerate when monsters are
                  | visible. [potion of mutation]
   784 | D:1      | Lost mutation: Your spells are a little easier to cast, but
                  | a little less powerful. [potion of mutation]
   784 | D:1      | Gained mutation: You are partially covered in large bone
                  | plates. (SH +4) [potion of mutation]
   784 | D:1      | Gained mutation: You possess an exceptional clarity of
                  | mind. [potion of mutation]
   784 | D:1      | Gained mutation: Your spells are a little easier to cast,
                  | but a little less powerful. [potion of mutation]
   800 | D:2      | Found a hide-covered altar of Uskayaw.
   815 | D:2      | HP: 1/23 [worm (6)]
   823 | D:2      | 823 ||| FLEEEEING.
   824 | D:2      | 824 ||| STAIRDANCE
   909 | D:2      | 909 ||| STAIRDANCE
  1043 | D:2      | 1043 ||| Stepping ~*~*~tactically~*~*~ (stealth).
  1044 | D:2      | 1044 ||| Stepping ~*~*~tactically~*~*~ (stealth).
  1054 | D:2      | Reached XP level 4. HP: 24/28 MP: 4/4
  1055 | D:2      | 1055 ||| Stepping ~*~*~tactically~*~*~ (stealth).
  1088 | D:2      | Reached skill level 4 in Axes
  1307 | D:2      | 1307 ||| READING scroll labelled YLAODA ZAORAE.
  1308 | D:2      | 1308 ||| READING scroll labelled XENUOFF TUSMEL.
  1309 | D:2      | 1309 ||| READING 2 scrolls labelled RIESEO SORIOFU.
  1310 | D:2      | 1310 ||| READING scroll labelled KOZ OGRETOUW.
  1313 | D:2      | 1313 ||| READING scroll labelled KORRUCISHRO.
  1314 | D:2      | 1314 ||| DRINKING 2 coppery potions.
  1315 | D:2      | 1315 ||| DROPPING scroll of blinking.
  1742 | D:3      | Found a shadowy altar of Dithmenos.
  1814 | D:3      | Noticed a black bear
  1815 | D:3      | 1815 ||| Stepping ~*~*~tactically~*~*~ (stealth).
  1822 | D:3      | Killed a black bear
  1823 | D:3      | Reached skill level 5 in Axes
  1823 | D:3      | Reached XP level 5. HP: 18/32 MP: 5/5
  1962 | D:3      | 1962 ||| UPGRADING to +0 plate armour.
  1972 | D:3      | 1972 ||| DROPPING +0 chain mail.
  1973 | D:3      | 1973 ||| DRINKING 2 ruby potions.
  1974 | D:3      | 1974 ||| READING 3 scrolls of identify.
  1974 | D:3      | 1974 ||| IDENTIFYING lumpy pink potion
  1975 | D:3      | 1975 ||| READING 2 scrolls of identify.
  1975 | D:3      | 1975 ||| IDENTIFYING bubbling orange potion
  1976 | D:3      | 1976 ||| DROPPING potion of flight.
  2241 | D:4      | Reached XP level 6. HP: 38/38 MP: 6/6
  2277 | D:4      | 2277 ||| Stepping ~*~*~tactically~*~*~ (hiding).
  2280 | D:4      | 2280 ||| Stepping ~*~*~tactically~*~*~ (hiding).
  2282 | D:4      | 2282 ||| Stepping ~*~*~tactically~*~*~ (hiding).
  2489 | D:4      | 2489 ||| Stepping ~*~*~tactically~*~*~ (stealth).
  2491 | D:4      | 2491 ||| Stepping ~*~*~tactically~*~*~ (stealth).
  2652 | D:4      | Found a sacrificial altar of Ru.
  2700 | D:4      | 2700 ||| READING scroll labelled WOBETE FIOZ.
  2701 | D:4      | 2701 ||| READING scroll labelled KINICL ENUSHU.
  2710 | D:5      | Entered Level 5 of the Dungeon
  2730 | D:5      | Reached skill level 6 in Axes
  2730 | D:5      | 2730 ||| Stepping ~*~*~tactically~*~*~ (hiding).
  2731 | D:5      | 2731 ||| FLEEEEING.
  2732 | D:5      | 2732 ||| FLEEEEING.
  2733 | D:5      | 2733 ||| FLEEEEING.
  2734 | D:5      | 2734 ||| STAIRDANCE
  2805 | D:5      | 2805 ||| Stepping ~*~*~tactically~*~*~ (stealth).
  2917 | D:5      | Found a broken altar of Ashenzari.
  2942 | D:5      | 2942 ||| Stepping ~*~*~tactically~*~*~ (stealth).
  2975 | D:5      | Reached XP level 7. HP: 43/43 MP: 7/7
  3039 | D:5      | 3039 ||| DROPPING +0 whip.
  3107 | D:5      | 3107 ||| Stepping ~*~*~tactically~*~*~ (hiding).
  3110 | D:5      | 3110 ||| Stepping ~*~*~tactically~*~*~ (hiding).
  3111 | D:5      | 3111 ||| Stepping ~*~*~tactically~*~*~ (hiding).
  3130 | D:5      | HP: 8/43 [gnoll/+0 halberd (10)]
  3131 | D:5      | 3131 ||| READING scroll of teleportation.
  3131 | D:5      | Slain by a gnoll

Levels and vault maps discovered:
D:1:      roderic_dead_forest, layout_rooms
D:2:      layout_rooms, basic_altar
D:3:      layout_basic, nicolae_dithmenos_shadow_blocks
D:4:      layout_basic, nicolae_ru_path_of_blood
D:5:      layout_basic, mainiacjoe_overflow_catwalk, overflow_temple_1_default,
          goddamned_bats

Skill      XL: |  1  2  3  4  5  6 |
---------------+-------------------+-----
Axes           | 2 3 5 6 |  6.4
Fighting       | 4 |  4.0
Armour         | 4 |  4.0
Throwing       | |  0.9
Shields        | |  3.2

Action                     |  1- 3 |  4- 6 |  7- 9 || total
---------------------------+-------+-------+-------++-------
  Melee: War axe           |   106 |   129 |    36 ||   271
  Throw: Boomerang         |       |    12 |     1 ||    13
    Use: Scroll            |     3 |     9 |     1 ||    13
         Potion            |     2 |     2 |       ||     4
 Armour: Scale mail        |    28 |       |       ||    28
         Chain mail        |    37 |    25 |       ||    62
         Plate armour      |       |    41 |    25 ||    66
  Dodge: Dodged            |    40 |    29 |     8 ||    77
  Block: Buckler           |    24 |    49 |    10 ||    83

Table legend:
 A = Non-vault XP
 B = Vault XP
 C = Vault XP percentage of total XP
 D = Non-vault monster count
 E = Vault monster count
 F = Vault count percentage of total count
                 A         B        C        D         E       F
            +---------+---------+-------+---------+---------+-------
      Total |     786 |       0 |   0.0 |      94 |       0 |   0.0
            +---------+---------+-------+---------+---------+-------
        D:1 |      43 |       0 |   0.0 |      26 |       0 |   0.0
        D:2 |      69 |       0 |   0.0 |      19 |       0 |   0.0
        D:3 |     159 |       0 |   0.0 |      14 |       0 |   0.0
        D:4 |      72 |       0 |   0.0 |      17 |       0 |   0.0
        D:5 |     443 |       0 |   0.0 |      18 |       0 |   0.0
            +---------+---------+-------+---------+---------+-------
